 Dungeon Crawl Stone Soup version 0.30.1-3-gfc49f6343a (webtiles) character file.

Game seed: 2857723888494634881

833 Cheops the Grappler (level 7, 0/66 HPs)
             Began as a Troll Fighter on July 23, 2023.
             Succumbed to a killer bee's poison
             ... on level 8 of the Dungeon.
             The game lasted 00:09:57 (4188 turns).

Cheops the Grappler (Troll Fighter)                 Turns: 4188, Time: 00:09:57

Health: 0/66       AC:  6    Str: 31    XL:     7   Next: 65%
Magic:  6/6        EV:  9    Int:  6    God:
Gold:   316        SH:  7    Dex:  9    Spells: 6/6 levels left

rFire   . .          .
                       - Unarmed
rCold   . . .        b - +0 kite shield
rNeg    . . .        a - +0 robe
rPois   .            (helmet restricted)
rElec   .            E - +1 cloak
rCorr   .            (gloves unavailable)
SInv    .            (boots unavailable)
Will    .....        (no amulet)
Stlth   +            m - +6 ring of strength
HPRegen 1.11/turn    (no ring)
MPRegen 0.10/turn

%: no passive effects
@: mighty, lethally poisoned (0 -> -5)
A: large, unfitting armour, claws 3, regeneration 1, shaggy fur 1, tough skin 1
a: no special abilities


You were on level 8 of the Dungeon.
You visited 1 branch of the dungeon, and saw 6 of its levels.

You collected 316 gold pieces.

Inventory:

Hand Weapons
 l - a +1 dagger of flaming
 C - a +2 war axe of flaming
Armour
 a - a +0 robe (worn)
 b - a +0 kite shield (worn)
 E - a +1 cloak (worn)
Jewellery
 m - a +6 ring of strength (left claw)
 p - a ring of magical power
Scrolls
 d - 2 scrolls of fog {unknown}
 f - 5 scrolls of teleportation {unknown}
 h - a scroll of enchant armour {unknown}
 j - 9 scrolls of identify {unknown}
 n - 3 scrolls of amnesia {unknown}
 r - 2 scrolls of brand weapon {unknown}
 s - a scroll of noise {unknown}
 t - a scroll of magic mapping {unknown}
 u - a scroll of fear {unknown}
 v - 2 scrolls of enchant weapon {unknown}
 x - 3 scrolls of poison {unknown}
 y - 2 scrolls of vulnerability {unknown}
Potions
 c - a potion of might
 e - a potion of mutation {unknown}
 g - a potion of flight {unknown}
 i - 5 potions of heal wounds {unknown}
 k - 2 potions of curing {unknown}
 o - 2 potions of brilliance {unknown}
 q - a potion of lignification {unknown}
 w - a potion of resistance {unknown}
 z - a potion of attraction {unknown}
 A - a potion of berserk rage {unknown}
 B - 3 potions of degeneration {unknown}
 D - a potion of haste {unknown}


   Skills:
 - Level 2.4 Fighting
 - Level 2.4 Dodging
 - Level 2.6 Shields
 * Level 8.9 Unarmed Combat


You had 6 spell levels left.
You didn't know any spells.
Your spell library contained the following spells:

 Spells                   Type           Power      Damage    Failure   Level
 Volatile Blastmotes      Fire/Tloc      0%         2d10      96%         3
 Fulminant Prism          Conj/Hex       0%         3d5       100%        4
 Iskenderun's Mystic Bla  Conj/Tloc      0%         2d3       100%        4
 Lee's Rapid Deconstruct  Erth           0%         3d4*      100%        5


Dungeon Overview and Level Annotations

Branches:
Dungeon (5/15)
 Temple: D:4-7

Altars:
Ashenzari
Nemelex Xobeh
Sif Muna
Xom


Innate Abilities, Weirdness & Mutations

You are too large for most types of armour.
You have claws for hands.
Your natural rate of healing is unusually fast.
You are covered in fur. (AC +1)
You have tough skin. (AC +1)


Message History

You feel very mighty all of a sudden.
You feel very sick. You block the killer bee's attack.
The killer bee stings you but does no damage.
You miss the killer bee.
The killer bee is heavily wounded.
You feel very sick. The killer bee stings you.
* * * LOW HITPOINT WARNING * * *
You are more poisoned.
The killer bee poisons you! You block the killer bee's attack.
You barely miss the killer bee.
The killer bee is heavily wounded.
You feel very sick. The killer bee closely misses you.
The killer bee stings you.
* * * LOW HITPOINT WARNING * * *
You mangle the killer bee!!
You kill the killer bee!
You feel very sick. You block the killer bee's attack.
You closely miss the killer bee.
You feel sick. The killer bee stings you.
* * * LOW HITPOINT WARNING * * *
You are more poisoned.
The killer bee poisons you!
You mangle the killer bee!!
You kill the killer bee!
* * * LOW HITPOINT WARNING * * *
You feel very sick. The killer bee misses you.
You claw the killer bee!
The killer bee is almost dead.
* * * LOW HITPOINT WARNING * * *
You feel very sick.
The killer bee stings you but does no damage.
The killer bee stings you.
* * * LOW HITPOINT WARNING * * *
You closely miss the killer bee.
The killer bee is almost dead.
You hear the faint creaking of a very distant portcullis.
You die...

#...........# .....
##..........####.....
..##............#....
..................### ..
...#.#...#..........#...
...###...#...........<.y
.. ####.##....#......[..
#.......#..##y###.y.
#......#.#.###@#
#..#.###.....### ..####
#.^...# .. ##....# .
##...# ##..# #.## ###


You could see a killer bee.

Vanquished Creatures
  A sky beast (D:5)
  An ogre (D:3)
  A phantom (D:5)
  3 killer bees (D:8)
  2 orc priests (D:4)
  2 hounds (D:5)
  An iguana (D:5)
  3 orc wizards
  Natasha (twice) (D:2)
  Robin (D:2)
  2 adders
  A worm (D:3)
  17 orcs
  8 bats
  9 endoplasms
  3 giant cockroaches
  13 goblins
  15 hobgoblins
  12 jackals
  10 quokkas
  8 ball pythons
  5 frilled lizards
  12 kobolds
  3 rats
135 creatures vanquished.

Notes
Turn   | Place    | Note
-------+----------+-------------------------------------------
     0 | D:1      | Cheops the Troll Fighter began the quest for the Orb.
     0 | D:1      | Reached XP level 1. HP: 22/22 MP: 0/0
   167 | D:1      | Reached XP level 2. HP: 28/29 MP: 1/1
   256 | D:1      | Reached skill level 3 in Unarmed Combat
   743 | D:1      | Reached XP level 3. HP: 36/36 MP: 2/2
  1072 | D:2      | Noticed Robin
  1082 | D:2      | Killed Robin
  1083 | D:2      | Reached skill level 4 in Unarmed Combat
  1102 | D:2      | Reached XP level 4. HP: 44/44 MP: 3/3
  1422 | D:2      | Noticed Natasha
  1429 | D:2      | Killed Natasha
  1480 | D:2      | Found a faded altar of an unknown god.
  1480 | D:2      | Noticed an Executioner
  1597 | D:2      | Noticed Natasha
  1602 | D:2      | Killed Natasha
  1603 | D:2      | Reached skill level 5 in Unarmed Combat
  1725 | D:3      | Reached XP level 5. HP: 50/50 MP: 4/4
  1869 | D:3      | Noticed an ogre
  1873 | D:3      | Killed an ogre
  1874 | D:3      | Reached skill level 6 in Unarmed Combat
  1918 | D:3      | Reached XP level 6. HP: 59/59 MP: 5/5
  2519 | D:3      | Found a sparkling altar of Nemelex Xobeh.
  3028 | D:4      | Reached skill level 7 in Unarmed Combat
  3645 | D:4      | Found a broken altar of Ashenzari.
  3769 | D:5      | Entered Level 5 of the Dungeon
  4055 | D:5      | Reached XP level 7. HP: 65/66 MP: 6/6
  4060 | D:5      | Reached skill level 8 in Unarmed Combat
  4128 | D:5      | Found a shimmering altar of Xom.
  4128 | D:5      | Found a shimmering blue altar of Sif Muna.
  4137 | D:5      | You fall into a shaft and drop 3 floors!
  4187 | D:8      | HP: 2/66 [killer bee (6)]
  4188 | D:8      | Succumbed to a killer bee's poison

Illustrated notes

Levels and vault maps discovered:
D:1:      wander_arrival_desolate, layout_loops_corners,
          hangedman_decor_peaks_small, grunt_decor_clamped, st_stairs_10
D:2:      layout_rooms, dreamdust_ecumenical_altar_sealed_demon,
          grunt_ministairs_7, nicolae_eternal_life, uniq_robin, uniq_natasha
D:3:      layout_basic, nemelex_dance_club_becter, minmay_joined_circles
D:4:      layout_cave_pods, lemuel_coloured_pillars_altar
D:5:      layout_basic, jmf_multi_god_temple, chequers_serial_rivers_room_b,
          uniq_menkaure
D:8:      layout_cave_pools, mainiacjoe_overflow_six_doors_small,
          minmay_lair_entry_grove, enter_bailey_3, gammafunk_ghost_hydra_chop

Skill      XL: |  1  2  3  4  5  6  7 |
---------------+----------------------+-----
Unarmed Combat | 3 4 5 6 7 8 |  8.9
Fighting       | |  2.4
Dodging        | |  2.4
Shields        | |  2.6

Action                     |  1- 3 |  4- 6 |  7- 9 || total
---------------------------+-------+-------+-------++-------
  Melee: Unarmed           |    99 |   188 |    32 ||   319
    Use: Potion            |       |       |     1 ||     1
   Stab: Sleeping          |       |     1 |       ||     1
 Armour: Robe              |    23 |    36 |     8 ||    67
  Dodge: Dodged            |    36 |    63 |    10 ||   109
  Block: Kite shield       |    30 |    67 |    15 ||   112
